 Dungeon Crawl Stone Soup version 0.23-a0-182-g58cdd98 (webtiles) character file.

89 galech the Skirmisher (level 4, 20/35 HPs)
             Began as a Demonspawn Fighter on Sept 20, 2018.
             Quit the game on level 2 of the Dungeon.
             The game lasted 00:02:09 (773 turns).

galech the Skirmisher (Demonspawn Fighter)           Turns: 773, Time: 00:02:10

Health: 20/35      AC:  8    Str: 16    XL:     4   Next: 31%
Magic:  4/4        EV:  7    Int:  9    God:
Gold:   37         SH:  9    Dex: 14    Spells: 3/3 levels left

rFire    . . .     SeeInvis .   a - +0 war axe
rCold    . . .     Gourm    .   c - +0 shield
rNeg     . . .     Faith    .   b - +0 scale mail
rPois    .         Spirit   .   (no helmet)
rElec    .         Reflect  .   l - +0 cloak
rCorr    .         Harm     .   (no gloves)
MR       .....                  (no boots)
Stlth    ..........             (no amulet)
HPRegen  0.11/turn              (no ring)
MPRegen  0.09/turn              (no ring)

@: no status effects
A: talons 1, demonic guardian 1
a: no special abilities


You were on level 2 of the Dungeon.
You were not hungry.

You visited 1 branch of the dungeon, and saw 2 of its levels.

You collected 37 gold pieces.

Inventory:

Hand Weapons
 a - a +0 war axe (weapon)
Armour
 b - a +0 scale mail (worn)
 c - a +0 shield (worn)
 l - a +0 cloak (worn)
Scrolls
 g - 4 scrolls of identify {unknown}
 i - a scroll of teleportation {unknown}
 k - a scroll of magic mapping {unknown}
 n - a scroll of enchant armour {unknown}
Potions
 d - a potion of might
 e - a potion of haste {unknown}
 j - a potion of heal wounds {unknown}
 m - 2 potions of curing {unknown}
Comestibles
 f - 3 rations
 h - 2 chunks of flesh


   Skills:
 + Level 3.3 Fighting
 + Level 2.6 Axes
 + Level 3.3 Armour
 + Level 0.7 Dodging
 + Level 0.2 Stealth
 + Level 3.2 Shields


You had 3 spell levels left.
You didn't know any spells.
Your spell library was empty.

Dungeon Overview and Level Annotations

Branches:
Dungeon (2/15)

Altars:


Innate Abilities, Weirdness & Mutations

You have sharp toenails.
A weak demonic guardian rushes to your aid.


Message History

The adder is severely wounded.
The adder bites you but does no damage. You block the adder's attack.
You barely miss the adder. You claw the adder.
You kill the adder!
No target in view!
No target in view!
No target in view!
No target in view!
No target in view!
No target in view!
No target in view!
No target in view!
No target in view!
No target in view!
No target in view!
m - 2 inky potions (gained 1) 2 hobgoblins come into view.
The hobgoblin shouts! x2
Sorry, you're not good enough to have a special ability.
Are you sure you want to abandon this character and quit the game? (Confirm

####......
##........
.'........
##........
##........
....#.....
....#..... ##.#.
....#.....
####......
......####
#.@g......
#.....#
#.##g###..
......# #.# ..
......# #.# ##
......#########.#
................#
.################
.# .#


You could see 2 hobgoblins.

Vanquished Creatures
  An adder (D:2)
  A leopard gecko (D:1)
  A giant cockroach (D:1)
  4 goblins
  A hobgoblin (D:1)
  A quokka (D:2)
  A bat (D:1)
  4 frilled lizards
  3 kobolds (D:1)
  5 rats (D:1)
22 creatures vanquished.

Vanquished Creatures (collateral kills)
  A sky beast (D:2)
1 creature vanquished.

Grand Total: 23 creatures vanquished

Notes
Turn   | Place    | Note
-------+----------+-------------------------------------------
     0 | D:1      | galech the Demonspawn Fighter began the quest for the Orb.
     0 | D:1      | Reached XP level 1. HP: 18/18 MP: 1/1
   216 | D:1      | Gained mutation: A weak demonic guardian rushes to your
                  | aid. [demonic ancestry]
   216 | D:1      | Reached XP level 2. HP: 18/24 MP: 2/2
   616 | D:2      | Noticed a sky beast
   626 | D:2      | Killed a sky beast
   626 | D:2      | Gained mutation: You have sharp toenails. [demonic
                  | ancestry]
   626 | D:2      | Reached XP level 3. HP: 6/29 MP: 3/3
   626 | D:2      | Reached XP level 4. HP: 7/35 MP: 4/4
   773 | D:2      | Quit the game

Vault maps used:
D:1:      ebering_trefoil_3fold
D:2:      zin_angel

Skill      XL: |  1  2 |
---------------+-------+-----
Axes           | 2 |  2.6
Armour         | 3 |  3.3
Shields        | 3 |  3.2
Fighting       | |  3.3
Dodging        | |  0.7
Stealth        | |  0.2

Action                   |  1- 3 |  4- 6 || total
-------------------------+-------+-------++-------
Melee: War axe           |    81 |     4 ||    85
       Kick              |       |     2 ||     2
 Stab: Distracted        |     1 |       ||     1
Armor: Scale mail        |    40 |     3 ||    43
Dodge: Dodged            |    24 |       ||    24
Block: Shield            |    33 |     3 ||    36

Table legend:
 A = Non-vault XP
 B = Vault XP
 C = Vault XP percentage of total XP
 D = Non-vault monster count
 E = Vault monster count
 F = Vault count percentage of total count
                 A         B        C        D         E       F
            +---------+---------+-------+---------+---------+-------
      Total |     128 |       0 |   0.0 |      23 |       0 |   0.0
            +---------+---------+-------+---------+---------+-------
        D:1 |      24 |       0 |   0.0 |      18 |       0 |   0.0
        D:2 |     104 |       0 |   0.0 |       5 |       0 |   0.0
            +---------+---------+-------+---------+---------+-------
